SNL (28 & UNDER)
SANTA FE DIABLOS @ MEMPHIS BLUES
07/22/2027
 
TOP OF THE 1ST
Santa Fe Diablos batting - Pitching for Memphis Blues : RHP Rafael Ressureio
Pitching: RHP Rafael Ressureio
Batting: LHB David Hernández 0-0: Ball
1-0: Ball
2-0: Ball
3-0: Base on Balls
Batting: SHB George Adams 0-0: 2-RUN HOME RUN (Flyball, 9D), Distance : 389 ft
Batting: RHB Arnold Harmon 0-0: Ball
1-0: SOLO HOME RUN (Line Drive, 7D), Distance : 405 ft
Batting: RHB Lee Price 0-0: Called Strike
0-1: Ball
1-1: Ball
2-1: Called Strike
2-2: SINGLE (Line Drive, 78S)
Batting: LHB Don Soper 0-0: Ball
1-0: Called Strike
1-1: Ball
2-1: Ball
3-1: Base on Balls
Lee Price to second
Batting: LHB Juan Torres 0-0: Ball
1-0: Called Strike
1-1: Ball
2-1: Foul Ball, location: 2F
2-2: Strikes out swinging
Batting: RHB Tim Adkins 0-0: Ball
1-0: Called Strike
1-1: Ground out 5-3 (Groundball, 25)
Lee Price to third
Don Soper to second
Batting: LHB Javier Martínez 0-0: Ball
1-0: Ball
2-0: Ball
3-0: Base on Balls
Batting: RHB Keith Jones 0-0: Foul Ball, location: 2F
0-1: Fly out, F7 (Line Drive, 7)
Top of the 1st over - 3 run(s), 3 hit(s), 0 error(s), 3 left on base; Santa Fe 3 - Memphis 0
BOTTOM OF THE 1ST
Memphis Blues batting - Pitching for Santa Fe Diablos : RHP Christian Camden
Pitching: RHP Christian Camden
Batting: RHB Peyton Pennington 0-0: Called Strike
0-1: Called Strike
0-2: Fly out, F9 (Flyball, 9LM)
Batting: RHB Chase Mueller 0-0: Ball
1-0: Ball
2-0: TRIPLE (Flyball, 78XD)
Batting: RHB Glenn Melican 0-0: Reached on error, E5 (Groundball, 56)
Chase Mueller scores
Batting: LHB Alan McGilroy 0-0: Called Strike
0-1: Ball
1-1: Swinging Strike
1-2: Fly out, F9 (Line Drive, 89M)
Batting: RHB Irwin Duncan 0-0: Ball
1-0: Foul Ball, location: 2F
1-1: Foul Ball, location: 2F
1-2: Fielders Choice at 2nd, 6-4 (Groundball, 6)
Bottom of the 1st over - 1 run(s), 1 hit(s), 1 error(s), 0 left on base; Santa Fe 3 - Memphis 1
TOP OF THE 2ND
Santa Fe Diablos batting - Pitching for Memphis Blues : RHP Rafael Ressureio
Batting: LHB David Hernández 0-0: Ball
1-0: Ball
2-0: Ball
3-0: Called Strike
3-1: Base on Balls
Batting: SHB George Adams 0-0: Ball
1-0: Ball
2-0: Ball
3-0: Base on Balls
David Hernández to second
Batting: RHB Arnold Harmon 0-0: Swinging Strike
0-1: Fly out, F8 (Flyball, 8RM)
Batting: RHB Lee Price 0-0: Ball
1-0: Foul Ball, location: 2F
1-1: Called Strike
1-2: Strikes out swinging
Batting: LHB Don Soper 0-0: Ball
1-0: Ball
2-0: Called Strike
2-1: DOUBLE (Line Drive, 78XD)
David Hernández scores
George Adams to third
Runner from 3rd tries for Home, SAFE, no throw
Batting: LHB Juan Torres 0-0: Ball
1-0: Called Strike
1-1: Swinging Strike
1-2: Ball
2-2: 2-RUN HOME RUN (Flyball, 9LD), Distance : 366 ft
Batting: RHB Tim Adkins 0-0: Called Strike
0-1: Ball
1-1: Ground out 6-3 (Groundball, 6)
Top of the 2nd over - 4 run(s), 2 hit(s), 0 error(s), 0 left on base; Santa Fe 7 - Memphis 1
BOTTOM OF THE 2ND
Memphis Blues batting - Pitching for Santa Fe Diablos : RHP Christian Camden
Batting: RHB Artie Green 0-0: Called Strike
0-1: Called Strike
0-2: Foul Ball, location: 2F
0-2: Ball
1-2: Strikes out swinging
Batting: LHB John Foster 0-0: Ball
1-0: Called Strike
1-1: Swinging Strike
1-2: Ground out 4-3 (Groundball, 4S)
Batting: LHB Raúl García 0-0: Called Strike
0-1: Called Strike
0-2: Ball
1-2: Ball
2-2: SINGLE (Line Drive, 8LS)
Batting: RHB David Crespo 0-0: Ball
1-0: Called Strike
1-1: Ground out 5-3 (Groundball, 5S)
Bottom of the 2nd over - 0 run(s), 1 hit(s), 0 error(s), 1 left on base; Santa Fe 7 - Memphis 1
TOP OF THE 3RD
Santa Fe Diablos batting - Pitching for Memphis Blues : RHP Rafael Ressureio
Pitching: LHP António Dávila
Batting: LHB Javier Martínez 0-0: Swinging Strike
0-1: Ball
1-1: Ball
2-1: Ball
3-1: Base on Balls
Batting: RHB Keith Jones 0-0: Called Strike
0-1: Ball
1-1: Called Strike
1-2: Ball
2-2: Ball
3-2: Strikes out swinging
Batting: LHB David Hernández 0-0: Ball
1-0: Ball
2-0: Ball
3-0: Called Strike
3-1: Called Strike
3-2: Fielders Choice at 2nd, 1-6 (Groundball, 13S)
Batting: SHB George Adams 0-0: Called Strike
0-1: Foul Ball, location: 2F
0-2: Foul Ball, location: 2F
0-2: Foul Ball, location: 2F
0-2: Fly out, F7 (Line Drive, 7)
Top of the 3rd over - 0 run(s), 0 hit(s), 0 error(s), 1 left on base; Santa Fe 7 - Memphis 1
BOTTOM OF THE 3RD
Memphis Blues batting - Pitching for Santa Fe Diablos : RHP Christian Camden
Batting: RHB Peyton Pennington 0-0: Foul Ball, location: 2F
0-1: Foul Ball, location: 2F
0-2: Ball
1-2: Foul Ball, location: 2F
1-2: Ground out 6-3 (Groundball, 6)
Batting: RHB Chase Mueller 0-0: Ball
1-0: Foul Ball, location: 2F
1-1: SINGLE (Flyball, 8LS)
Batting: RHB Glenn Melican 0-0: Ball
1-0: Called Strike
1-1: Fly out, F8 (Flyball, 8LXD)
Batting: LHB Alan McGilroy 0-0: Ball
Throwing error on steal attempt, E2
Chase Mueller to third
1-0: Ball
2-0: Foul Ball, location: 2F
2-1: Ball
3-1: Swinging Strike
3-2: Ground out 5-3 (Groundball, 2L)
Bottom of the 3rd over - 0 run(s), 1 hit(s), 1 error(s), 1 left on base; Santa Fe 7 - Memphis 1
TOP OF THE 4TH
Santa Fe Diablos batting - Pitching for Memphis Blues : LHP António Dávila
Batting: RHB Arnold Harmon 0-0: Fly out, F8 (Flyball, 78M)
Batting: RHB Lee Price 0-0: Ball
1-0: SINGLE (Groundball, 6MD)
Batting: LHB Don Soper 0-0: Called Strike
0-1: Ball
1-1: Ball
2-1: Ball
3-1: Called Strike
3-2: Foul Ball, location: 2F
3-2: Strikes out swinging
Batting: LHB Juan Torres 0-0: Ball
1-0: Swinging Strike
1-1: Foul Ball, location: 2F
1-2: Strikes out swinging
Top of the 4th over - 0 run(s), 1 hit(s), 0 error(s), 1 left on base; Santa Fe 7 - Memphis 1
BOTTOM OF THE 4TH
Memphis Blues batting - Pitching for Santa Fe Diablos : RHP Christian Camden
Batting: RHB Irwin Duncan 0-0: Ball
1-0: Ground out 5-3 (Groundball, 56)
Batting: RHB Artie Green 0-0: Ball
1-0: Called Strike
1-1: Swinging Strike
1-2: Strikes out swinging
Batting: LHB John Foster 0-0: Called Strike
0-1: Ball
1-1: Swinging Strike
1-2: Strikes out swinging
Bottom of the 4th over - 0 run(s), 0 hit(s), 0 error(s), 0 left on base; Santa Fe 7 - Memphis 1
TOP OF THE 5TH
Santa Fe Diablos batting - Pitching for Memphis Blues : LHP António Dávila
Batting: RHB Tim Adkins 0-0: Foul Ball, location: 2F
0-1: Foul Ball, location: 2F
0-2: Ball
1-2: Ball
2-2: Ground out U3 (Groundball, 34S)
Batting: LHB Javier Martínez 0-0: Called Strike
0-1: Swinging Strike
0-2: Strikes out swinging
Batting: RHB Keith Jones 0-0: Called Strike
0-1: Ball
1-1: Foul Ball, location: 2F
1-2: Ball
2-2: Ball
3-2: Base on Balls
Pitching: RHP Juan Martínez
Batting: LHB David Hernández 0-0: Foul Ball, location: 2F
0-1: Swinging Strike
0-2: Ball
1-2: Ground out U3 (Groundball, 3S)
Top of the 5th over - 0 run(s), 0 hit(s), 0 error(s), 1 left on base; Santa Fe 7 - Memphis 1
BOTTOM OF THE 5TH
Memphis Blues batting - Pitching for Santa Fe Diablos : RHP Christian Camden
Batting: LHB Raúl García 0-0: Called Strike
0-1: Ball
1-1: Ball
2-1: Fly out, F6 (Popup, 56D)
Batting: RHB David Crespo 0-0: Ball
1-0: Ball
2-0: Ball
3-0: Base on Balls
Batting: RHB Peyton Pennington 0-0: Swinging Strike
0-1: Ball
1-1: 2-RUN HOME RUN (Line Drive, 7LD), Distance : 360 ft
Batting: RHB Chase Mueller 0-0: Called Strike
0-1: Swinging Strike
0-2: Ball
1-2: Strikes out swinging
Batting: RHB Glenn Melican 0-0: Ball
1-0: Called Strike
1-1: Foul Ball, location: 2F
1-2: Fly out, F7 (Flyball, 78D)
Bottom of the 5th over - 2 run(s), 1 hit(s), 0 error(s), 0 left on base; Santa Fe 7 - Memphis 3
TOP OF THE 6TH
Santa Fe Diablos batting - Pitching for Memphis Blues : RHP Juan Martínez
Batting: SHB George Adams 0-0: Called Strike
0-1: Swinging Strike
0-2: Strikes out looking
Batting: RHB Arnold Harmon 0-0: Foul Ball, location: 2F
0-1: Ball
1-1: Fly out, F4 (Popup, 4MS)
Batting: RHB Lee Price 0-0: Ball
1-0: Foul Ball, location: 2F
1-1: Ball
2-1: Ball
3-1: Base on Balls
Batting: LHB Don Soper 0-0: Fly out, F8 (Flyball, 78D)
Top of the 6th over - 0 run(s), 0 hit(s), 0 error(s), 1 left on base; Santa Fe 7 - Memphis 3
BOTTOM OF THE 6TH
Memphis Blues batting - Pitching for Santa Fe Diablos : RHP Christian Camden
Batting: LHB Alan McGilroy 0-0: Ground out 4-3 (Groundball, 4D)
Batting: RHB Irwin Duncan 0-0: DOUBLE (Line Drive, 78D)
Batting: RHB Artie Green 0-0: Ground out U3 (Groundball, 3L)
Irwin Duncan to third
Batting: LHB John Foster 0-0: Swinging Strike
0-1: Ball
1-1: Ball
2-1: Ball
3-1: Fly out, F8 (Flyball, 8RS)
Bottom of the 6th over - 0 run(s), 1 hit(s), 0 error(s), 1 left on base; Santa Fe 7 - Memphis 3
TOP OF THE 7TH
Santa Fe Diablos batting - Pitching for Memphis Blues : RHP Juan Martínez
Batting: LHB Juan Torres 0-0: Swinging Strike
0-1: Swinging Strike
0-2: Ball
1-2: Ball
2-2: Foul Ball, location: 2F
2-2: Strikes out swinging
Batting: RHB Tim Adkins 0-0: Foul Ball, location: 2F
0-1: Called Strike
0-2: Fly out, F8 (Flyball, 8LM)
Batting: LHB Javier Martínez 0-0: Ball
1-0: Foul Ball, location: 2F
1-1: Fly out, F7 (Flyball, 7LS)
Top of the 7th over - 0 run(s), 0 hit(s), 0 error(s), 0 left on base; Santa Fe 7 - Memphis 3
BOTTOM OF THE 7TH
Memphis Blues batting - Pitching for Santa Fe Diablos : RHP Christian Camden
Batting: LHB Raúl García 0-0: Called Strike
0-1: Foul Ball, location: 2F
0-2: Strikes out looking
Batting: RHB David Crespo 0-0: Foul Ball, location: 2F
0-1: Ball
1-1: Ground out 5-3 (Groundball, 56S)
Batting: RHB Peyton Pennington 0-0: Fly out, F8 (Flyball, 78D)
Bottom of the 7th over - 0 run(s), 0 hit(s), 0 error(s), 0 left on base; Santa Fe 7 - Memphis 3
TOP OF THE 8TH
Santa Fe Diablos batting - Pitching for Memphis Blues : RHP Juan Martínez
Batting: RHB Keith Jones 0-0: Ball
1-0: Ground out 1-3 (Groundball, 13)
Batting: LHB David Hernández 0-0: Called Strike
0-1: Ball
1-1: Ball
2-1: Ball
3-1: Base on Balls
Batting: SHB George Adams 0-0: Swinging Strike
0-1: Ball
1-1: Ball
Wild Pitch!
David Hernández to second
2-1: SINGLE (Groundball, 4MD)
David Hernández to third
Runner from 3rd tries for Home, SAFE, no throw
Batting: RHB Arnold Harmon 0-0: Foul Ball, location: 2F
0-1: Ball
1-1: Fly out, F9 (Line Drive, 89M)
Batting: RHB Lee Price 0-0: Ball
1-0: Called Strike
1-1: Ball
2-1: Swinging Strike
2-2: Ball
3-2: DOUBLE (Line Drive, 78XD)
George Adams to third
George Adams scores
Batting: LHB Don Soper 0-0: Ball
1-0: DOUBLE (Line Drive, 89M)
Lee Price scores
Batting: LHB Juan Torres 0-0: Foul Ball, location: 2F
0-1: Ball
1-1: SINGLE (Groundball, 25) (infield hit)
Don Soper to third
Batting: RHB Tim Adkins 0-0: Ball
1-0: Called Strike
1-1: Ball
2-1: Ball
3-1: Base on Balls
Juan Torres to second
Batting: LHB Javier Martínez 0-0: Ball
1-0: Fly out, F4 (Line Drive, 4M)
Top of the 8th over - 3 run(s), 4 hit(s), 0 error(s), 3 left on base; Santa Fe 10 - Memphis 3
BOTTOM OF THE 8TH
Memphis Blues batting - Pitching for Santa Fe Diablos : RHP Christian Camden
Pitching: RHP Manuel Zarate
Batting: RHB Chase Mueller 0-0: Foul Ball, location: 2F
0-1: Called Strike
0-2: SINGLE (Groundball, 4MD)
Batting: RHB Glenn Melican 0-0: Foul Ball, location: 2F
0-1: DOUBLE (Line Drive, 5D)
Chase Mueller to third
Batting: LHB Alan McGilroy 0-0: Ball
1-0: Swinging Strike
1-1: Called Strike
1-2: Ball
2-2: Strikes out swinging
Batting: RHB Irwin Duncan 0-0: Called Strike
0-1: SINGLE (Line Drive, 8RS)
Chase Mueller scores
Glenn Melican to third
Runner from 3rd tries for Home, SAFE, no throw
Batting: RHB Artie Green 0-0: Ball
1-0: Swinging Strike
1-1: Fly out, F8 (Flyball, 8RM)
Batting: LHB John Foster 0-0: Ball
1-0: Ball
2-0: Called Strike
2-1: Called Strike
2-2: Fly out, F8 (Line Drive, 8RXD)
Bottom of the 8th over - 2 run(s), 3 hit(s), 0 error(s), 1 left on base; Santa Fe 10 - Memphis 5
TOP OF THE 9TH
Santa Fe Diablos batting - Pitching for Memphis Blues : RHP Juan Martínez
Pitching: RHP Dustin Taylor
Batting: RHB Keith Jones 0-0: Ball
1-0: Ball
2-0: Ball
3-0: Base on Balls
Batting: LHB David Hernández 0-0: Ball
1-0: Swinging Strike
1-1: Foul Ball, location: 2F
1-2: SINGLE (Groundball, 34D)
Keith Jones to second
Runner from 2nd tries for 3rd, SAFE, throw made to third
Batting: SHB George Adams 0-0: Called Strike
0-1: Ball
1-1: Called Strike
1-2: Ball
2-2: Ball
3-2: Base on Balls
David Hernández to second
Batting: RHB Arnold Harmon 0-0: Ball
1-0: Foul Ball, location: 2F
1-1: Foul Ball, location: 2F
1-2: Strikes out swinging
Batting: RHB Lee Price 0-0: Called Strike
0-1: Foul Ball, location: 2F
0-2: Ball
1-2: Ball
2-2: Strikes out looking
Batting: LHB Don Soper 0-0: Ball
1-0: Fly out, F8 (Flyball, 8LM)
Top of the 9th over - 0 run(s), 1 hit(s), 0 error(s), 3 left on base; Santa Fe 10 - Memphis 5
BOTTOM OF THE 9TH
Memphis Blues batting - Pitching for Santa Fe Diablos : RHP Manuel Zarate
Batting: LHB Raúl García 0-0: Swinging Strike
0-1: Called Strike
0-2: Ball
1-2: Foul Ball, location: 2F
1-2: Ball
2-2: Strikes out swinging
Batting: RHB David Crespo 0-0: Ball
1-0: Called Strike
1-1: Ball
2-1: Ball
3-1: Called Strike
3-2: SINGLE (Groundball, 6MS) (infield hit)
Batting: RHB Peyton Pennington 0-0: Ball
1-0: Called Strike
1-1: Ball
2-1: Ball
3-1: Ground out 6-3 (Groundball, 6MS)
David Crespo to second
Batting: RHB Chase Mueller 0-0: Called Strike
0-1: Ground out 1-3 (Groundball, 15S)
Bottom of the 9th over - 0 run(s), 1 hit(s), 0 error(s), 1 left on base; Santa Fe 10 - Memphis 5
Thursday, March 30th, 2017 - OOTP Baseball 17.12 Build 75